 Dungeon Crawl Stone Soup version 0.25-a0-294-gea9b1ad378 (webtiles) character file.

Game seed: 6202634794630132201, levelgen mode: deterministic

574 Kisielow the Cudgeler (level 7, -5/44 HPs)
             Began as a Gargoyle Fighter on Dec 17, 2019.
             Was an Initiate of Qazlal.
             Slain by an ogre
             ... wielding a +0 giant spiked club
              (11 damage)
             ... on level 4 of the Dungeon.
             The game lasted 00:07:17 (3335 turns).

Kisielow the Cudgeler (Gargoyle Fighter)            Turns: 3335, Time: 00:07:18

Health: -5/44      AC: 21    Str: 22    XL:     7   Next: 34%
Magic:  7/7        EV:  7    Int:  8    God:    Qazlal [......]
Gold:   183        SH: 10    Dex:  9    Spells: 6/6 levels left

rFire    . . .     SeeInvis .   a - +0 flail
rCold    . . .     Gourm    .   q - +1 shield {AC+3}
rNeg     + . .     Faith    .   j - +0 plate armour
rPois    ∞         Spirit   .   (no helmet)
rElec    +         Reflect  .   (no cloak)
rCorr    .         Harm     .   (no gloves)
MR       .....                  i - +0 pair of boots
Stlth    ..........             (no amulet)
HPRegen  0.14/turn              m - +3 ring of evasion
MPRegen  0.10/turn              v - ring of poison resistance

@: no status effects
A: negative energy resistance 1, electricity resistance, unbreathing,
petrification resistance, rot immunity, AC +4
a: Renounce Religion


You were on level 4 of the Dungeon.
You worshipped Qazlal.
Qazlal was noncommittal.
You were hungry.

You visited 2 branches of the dungeon, and saw 5 of its levels.

You collected 183 gold pieces.

Inventory:

Hand Weapons
 a - a +0 flail (weapon)
Armour
 i - a +0 pair of boots (worn)
 j - a +0 plate armour (worn)
 q - a +1 shield of protection (worn)
Jewellery
 m - a +3 ring of evasion (left hand)
 n - an uncursed ring of flight
 p - an uncursed ring of stealth
 v - a ring of poison resistance (right hand)
Scrolls
 e - a scroll of teleportation
 k - a scroll of immolation
 u - a scroll of fear
Potions
 b - 2 potions of ambrosia {unknown}
 c - a potion of magic
 d - a potion of might
 l - a potion of resistance
 t - a potion of invisibility
Comestibles
 f - 8 rations


   Skills:
 + Level 4.5 Fighting
 * Level 6.0 Maces & Flails
 + Level 4.5 Armour
 + Level 4.5 Shields


You had 6 spell levels left.
You didn't know any spells.
Your spell library was empty.

Dungeon Overview and Level Annotations

Branches:
Dungeon (4/15)             Temple (1/1) D:4

Altars:
Ashenzari
Cheibriados
Gozag
Makhleb
Nemelex Xobeh
Okawaru
Qazlal
Ru
Trog
Uskayaw
Vehumet
Wu Jian
Xom
Zin
The Shining One


Innate Abilities, Weirdness & Mutations

You are resistant to torment.
Your stone body is resilient. (AC +4)
You are immune to poison.
You resist negative energy. (rN+)
You are resistant to electric shocks. (rElec)
You can survive without breathing.
You are immune to petrification.
You are immune to rotting.


Message History

You hit the ogre.
The ogre is lightly wounded.
The ogre hits you with a +0 giant spiked club.
You hit the ogre.
The ogre is moderately wounded.
The ogre hits you with a +0 giant spiked club.
* * * LOW HITPOINT WARNING * * *
You hit the ogre but do no damage.
The ogre is moderately wounded.
The ogre hits you with a +0 giant spiked club.
* * * LOW HITPOINT WARNING * * *
You hit the ogre.
The ogre is moderately wounded.
You hit the ogre.
The ogre is moderately wounded.
You block the ogre's attack.
You hit the ogre but do no damage.
The ogre is moderately wounded.
The ogre hits you with a +0 giant spiked club!
You die...

......>####.##.#####.....
####.#.# #.##.# ... ##
#.#.# #.##.# .. .# #)#.#
#.##.# . .# #.#.# #.##.#
.###.#.####)##.#
..........<....#
.......###############..
####............@Oa.....
#####################


You could see an ogre and a worker ant.

Vanquished Creatures
  An ice beast (D:3)
  An ogre (D:3)
  2 orc priests (D:4)
  Jessica (D:2)
  Natasha (thrice) (D:3)
  3 orc wizards (D:4)
  4 adders
  A shadow imp (D:4)
  An ooze (D:3)
  2 worms (D:3)
  4 dart slugs
  5 leopard geckos
  14 orcs
  5 bats
  4 giant cockroaches
  7 goblins
  9 hobgoblins
  2 quokkas (D:3)
  5 frilled lizards
  10 kobolds
  5 rats
89 creatures vanquished.

Vanquished Creatures (others)
  An orc wizard (D:4)
1 creature vanquished.

Grand Total: 90 creatures vanquished

Notes
Turn   | Place    | Note
-------+----------+-------------------------------------------
     0 | D:1      | Kisielow the Gargoyle Fighter began the quest for the Orb.
     0 | D:1      | Reached XP level 1. HP: 14/14 MP: 1/1
   135 | D:1      | Reached XP level 2. HP: 19/19 MP: 2/2
   234 | D:1      | Reached skill level 3 in Maces & Flails
   578 | D:2      | Reached XP level 3. HP: 21/23 MP: 3/3
   702 | D:2      | Noticed Jessica
   719 | D:2      | Killed Jessica
   719 | D:2      | Reached skill level 4 in Maces & Flails
   719 | D:2      | Reached XP level 4. HP: 22/28 MP: 4/4
  1435 | D:3      | Reached XP level 5. HP: 26/32 MP: 5/5
  1713 | D:3      | Noticed an ice beast
  1729 | D:3      | Killed an ice beast
  1729 | D:3      | Reached skill level 5 in Maces & Flails
  1895 | D:3      | Reached XP level 6. HP: 38/38 MP: 6/6
  1905 | D:3      | Found a faded altar of an unknown god.
  1985 | D:3      | Noticed Natasha
  1993 | D:3      | Killed Natasha
  2187 | D:3      | Found a bloodstained altar of Trog.
  2480 | D:3      | Noticed Natasha
  2488 | D:3      | Killed Natasha
  2698 | D:3      | Noticed Natasha
  2705 | D:3      | Killed Natasha
  2802 | D:4      | Reached XP level 7. HP: 44/44 MP: 7/7
  2871 | D:4      | HP: 2/44 [orc priest/divine providence (11)]
  2897 | D:4      | Reached skill level 6 in Maces & Flails
  2903 | D:4      | HP: 2/44 [something/magic dart (10)]
  3035 | D:4      | Found a staircase to the Ecumenical Temple.
  3047 | Temple   | Entered the Ecumenical Temple
  3254 | Temple   | Became a worshipper of Qazlal Stormbringer
  3335 | D:4      | Slain by an ogre

Levels and vault maps discovered:
D:1:      lemuel_arrival_lava_pool, layout_basic
D:2:      layout_basic, minmay_tetromino_l2, uniq_jessica
D:3:      layout_basic, chequers_ecumenical_altar_simple, trog_butcher_becter,
          uniq_natasha
D:4:      layout_loops_ring, minmay_temple_entry_waves, portal_sewer_entry_e,
          first_ration, hangedman_abyss_or_decor_lesser_grid,
          grunt_decor_fettered, uniq_duvessa
Temple:   regret_index_temple_generic_petals

Skill      XL: |  1  2  3  4  5  6  7 |
---------------+----------------------+-----
Maces & Flails | 3 4 5 6 |  6.0
Fighting       | 4 |  4.5
Armour         | 4 |  4.5
Shields        | 4 |  4.5

Action                   |  1- 3 |  4- 6 |  7- 9 || total
-------------------------+-------+-------+-------++-------
Melee: Flail             |    75 |   277 |    81 ||   433
  Use: Scroll            |       |     1 |    10 ||    11
       Potion            |       |       |     5 ||     5
  Eat: Chunk             |       |     7 |     1 ||     8
Armor: Chain mail        |    11 |       |       ||    11
       Scale mail        |     4 |       |       ||     4
       Plate armour      |    29 |   158 |    72 ||   259
Dodge: Dodged            |    17 |    76 |    14 ||   107
Block: Shield            |    41 |   127 |    38 ||   206

Table legend:
 A = Non-vault XP
 B = Vault XP
 C = Vault XP percentage of total XP
 D = Non-vault monster count
 E = Vault monster count
 F = Vault count percentage of total count
                 A         B        C        D         E       F
            +---------+---------+-------+---------+---------+-------
      Total |     737 |      83 |  10.1 |      82 |       8 |   8.9
            +---------+---------+-------+---------+---------+-------
        D:1 |      31 |       0 |   0.0 |      17 |       0 |   0.0
        D:2 |      58 |      40 |  40.8 |      15 |       3 |  16.7
        D:3 |     407 |      43 |   9.6 |      36 |       5 |  12.2
        D:4 |     241 |       0 |   0.0 |      14 |       0 |   0.0
            +---------+---------+-------+---------+---------+-------
